 Dungeon Crawl Stone Soup version 0.27-a0-1591-gc56fcc985a (webtiles) character file.

Game seed: 11775269857700456332

233 Anon1729 the Skirmisher (level 5, 0/48 HPs)
             Began as a Minotaur Monk on July 19, 2021.
             Was a Priest of Wu Jian.
             Slain by a phantom (9 damage)
             ... on level 4 of the Dungeon.
             The game lasted 00:03:40 (3260 turns).

Anon1729 the Skirmisher (Minotaur Monk)             Turns: 3260, Time: 00:03:41

Health: 0/48       AC:  2    Str: 17    XL:     5   Next: 75%
Magic:  4/4        EV: 13    Int:  7    God:    Wu Jian [***...]
Gold:   97         SH:  0    Dex: 12    Spells: 4/4 levels left

rFire    . . .     SeeInvis .   j - +0 falchion
rCold    . . .     Faith    .   (no shield)
rNeg     . . .     Spirit   .   b - +0 robe
rPois    .         Reflect  .   (helmet restricted)
rElec    .         Harm     .   (no cloak)
rCorr    .         Rampage  .   (no gloves)
Will     .....                  (no boots)
Stlth    ++........             (no amulet)
HPRegen  0.16/turn              (no ring)
MPRegen  0.09/turn              (no ring)

@: no status effects
A: horns 2, retaliatory headbutt
a: Renounce Religion, Wall Jump, Serpent's Lash


You were on level 4 of the Dungeon.
You worshipped Wu Jian.
Wu Jian was most pleased with you.
You visited 1 branch of the dungeon, and saw 4 of its levels.

You collected 97 gold pieces.

Inventory:

Hand Weapons
 a - a +0 mace
 j - a +0 falchion (weapon)
Missiles
 f - 7 silver javelins (quivered)
Armour
 b - a +0 robe (worn)
Scrolls
 e - 3 scrolls of identify {unknown}
 h - a scroll of immolation {unknown}
 i - 2 scrolls of enchant armour {unknown}
 n - a scroll of acquirement {unknown}
 p - a scroll of silence {unknown}
 r - a scroll of enchant weapon {unknown}
Potions
 c - a potion of lignification {unknown}
 d - a potion of curing {unknown}
 g - a potion of flight {unknown}
 k - a potion of cancellation {unknown}
 l - a potion of might {unknown}
 m - a potion of attraction {unknown}
 o - a potion of mutation {unknown}
 q - a potion of brilliance {unknown}


   Skills:
 + Level 5.3 Fighting
 + Level 2.4 Long Blades
 - Level 4.0 Maces & Flails
 + Level 3.4 Armour
 - Level 4.0 Dodging
 - Level 2.0 Stealth


You had 4 spell levels left.
You didn't know any spells.
Your spell library contained the following spells:

 Spells                   Type           Power      Damage    Failure   Level
 Inner Flame              Hex/Fire       0%         N/A       80%         3
 Cause Fear               Hex            0%         N/A       99%         4
 Discord                  Hex            0%         N/A       100%        8


Dungeon Overview and Level Annotations

Branches:
Dungeon (4/15)
 Temple: D:4-7

Altars:
Elyvilon
Wu Jian

Shops:
D:3 [(

Annotations:
D:3 Grinder


Innate Abilities, Weirdness & Mutations

You have a pair of horns on your head.
You reflexively headbutt those who attack you in melee.


Message History

You are too injured to fight recklessly!
You are too injured to fight recklessly!
You are too injured to fight recklessly!
You are too injured to fight recklessly!
You are too injured to fight recklessly!
You are too injured to fight recklessly!
You are too injured to fight recklessly!
A phantom is nearby!
A phantom is nearby!
You are too injured to fight recklessly!
Aiming: Wall Jump
Press: ? - help, Dir - move target You repeatedly attack the phantom from above.
You barely miss the phantom.
The phantom is lightly damaged.
You hit the phantom.
The phantom is lightly damaged.
The phantom hits you but does no damage.
The phantom barely misses you.
You riposte.
You barely miss the phantom. Your headbutt misses the phantom.
The phantom is lightly damaged.
Okay, then.
Found a scroll labelled VORAOR GUAD.
Aiming: Wall Jump
Press: ? - help, Dir - move target You repeatedly attack the phantom from above.
You hit the phantom. Your headbutt misses the phantom.
The phantom is moderately damaged.
You closely miss the phantom.
The phantom is moderately damaged.
The phantom hits you!
* * * LOW HITPOINT WARNING * * *
The phantom blinks!
You blink.
Found 12 gold pieces.
The phantom hits you.
* * * LOW HITPOINT WARNING * * *
The phantom blinks!
You blink.
The phantom closely misses you.
You riposte.
You barely miss the phantom. Your headbutt misses the phantom.
The phantom is moderately damaged.
The phantom hits you!
You die...

#####.# #$#.#
#....##......
.....<# #..?#
#....##......
#######
##...###...)##......
8...8 #....##......
#...# ###'###......
#...# #.#########
##...## #....#
#8...8# #.##.#
##.@.########.#
#.W.##8###8#.#
##.......†....#
#8............#
##............#
##8###8###8### ###
### ###


You could see a phantom.

Vanquished Creatures
  An orc priest (D:4)
  An iguana (D:4)
  Terence (D:1)
  Natasha (D:3)
  A hound skeleton (D:4)
  3 adders (D:2)
  3 worms
  4 dart slugs
  4 orcs (D:4)
  5 endoplasms
  5 giant cockroaches
  4 hobgoblins
  6 jackals (D:4)
  2 quokkas
  3 ball pythons
  5 bats
  3 frilled lizards
  4 goblins
  7 kobolds
  10 rats
73 creatures vanquished.

Notes
Turn   | Place    | Note
-------+----------+-------------------------------------------
     0 | D:1      | Anon1729 the Minotaur Monk began the quest for the Orb.
     0 | D:1      | Reached XP level 1. HP: 19/19 MP: 0/0
   342 | D:1      | Reached XP level 2. HP: 27/27 MP: 1/1
   898 | D:1      | Found a faded altar of an unknown god.
   940 | D:1      | Reached skill level 4 in Fighting
  1129 | D:1      | Became a worshipper of the Wu Jian Council
  1129 | D:1      | Reached * piety under Wu Jian
  1129 | D:1      | Reached ** piety under Wu Jian
  1176 | D:2      | Noticed Terence
  1194 | D:1      | Killed Terence
  1195 | D:1      | Reached skill level 1 in Armour
  1195 | D:1      | Reached XP level 3. HP: 5/33 MP: 2/2
  1585 | D:2      | Reached XP level 4. HP: 34/41 MP: 3/3
  1611 | D:2      | Reached *** piety under Wu Jian
  2242 | D:3      | Noticed Natasha
  2244 | D:3      | Killed Natasha
  2245 | D:3      | Reached skill level 1 in Long Blades
  2370 | D:3      | Found Udedgha's Antique Armour Shop.
  2417 | D:3      | Found Fipoapeg's Antique Weapon Shoppe.
  2443 | D:3      | Noticed Grinder
  2543 | D:4      | Reached XP level 5. HP: 47/47 MP: 4/4
  2655 | D:4      | Reached skill level 5 in Fighting
  3108 | D:4      | Found a white marble altar of Elyvilon.
  3245 | D:4      | Noticed a phantom
  3260 | D:4      | Slain by a phantom

Illustrated notes

Levels and vault maps discovered:
D:1:      onia_arrival_pyramid, layout_loops_ring,
          hellmonk_ecumenical_altar_heavens_door, minmay_tetromino_l4
D:2:      layout_rooms, bh_walls_and_bars, uniq_terence
D:3:      layout_rooms, gammafunk_ghost_cemetery, serial_shops,
          nicolae_shop_waterfront, shop, nicolae_lakefront_shop,
          nicolae_lakefront_shop, shop_fountains, minmay_cupped, uniq_natasha,
          uniq_ijyb, uniq_grinder
D:4:      layout_basic, elyvilon_altar_4, serial_corexii_hall,
          corexii_hall_statues_l, corexii_hall_statues_deadend

Skill      XL: |  1  2  3  4  5 |
---------------+----------------+-----
Maces & Flails | 4 |  4.0
Stealth        | 2 |  2.0
Fighting       | 4 5 |  5.3
Armour         | 1 2 3 |  3.4
Dodging        | 4 |  4.0
Long Blades    | 1 2 |  2.4

Action                   |  1- 3 |  4- 6 || total
-------------------------+-------+-------++-------
Melee: Mace              |    51 |       ||    51
       Headbutt          |     9 |    20 ||    29
       Falchion          |    20 |   103 ||   123
Invok: Lunge             |       |    12 ||    12
 Abil: Wall Jump         |       |     4 ||     4
 Stab: Sleeping          |     4 |     7 ||    11
Armor: Robe              |    12 |     9 ||    21
Dodge: Dodged            |    48 |    66 ||   114
       Rpst.: Falchion   |     5 |    16 ||    21

Table legend: (Time is in decaauts)
 A = Elapsed time spent in this place.
 B = Non-inter-level travel time spent in this place.
 C = Inter-level travel time spent in this place.
 D = Time resting spent in this place.
 E = Time spent auto-exploring this place.
 F = Levels seen in this place.
 G = Mean time per level.
                   A        B        C        D        E       F      G
               +--------+--------+--------+--------+--------+-----+--------+
         Total |   3299 |   3169 |    130 |    500 |   2197 |   4 |  824.8 |
       Dungeon |   3299 |   3169 |    130 |    500 |   2197 |   4 |  824.8 |
               +--------+--------+--------+--------+--------+-----+--------+

Top non-repeatable levels by time:
     D:1: 1456 daAuts
     D:4: 817 daAuts
     D:2: 807 daAuts
     D:3: 217 daAuts
